[Event "Late-Titled-Tuesday-Blitz-March-26-2024"]
[Site "Chess.com"]
[Date "2024.03.26"]
[Round "7"]
[White "ContrVersia"]
[Black "GlavkonVVS"]
[Result "1-0"]
[WhiteElo "2911"]
[BlackElo "2649"]
[TimeControl "180+1"]
[EndTime "15:19:22 PDT"]
[Termination "ContrVersia won by resignation"]

1. Nf3 Nf6 2. c4 c5 3. b3 Nc6 4. Bb2 e6 5. g3 Be7 6. Bg2 O-O 7. O-O d5 8. e3 d4 9. exd4 cxd4 10. Re1 Bc5 11.
Na3 Nd7 12. Nc2 e5 13. d3 a5 14. a3 Re8 15. Nd2 Bf8 16. Rb1 Nc5 17. Qf3 Qd7 18. b4 axb4 19. axb4 Na4 20. b5 Nb4 21. Nxb4 Bxb4 22.
Bc1 Bc3 23. Rd1 Nc5 24. Ne4 Nxe4 25. Qxe4 Ra2 26. c5 Qc7 27. Qd5 Be6 28. b6 Bxd5 29.
bxc7 Bxg2 30. Kxg2 Ra7 31. Bd2 Rc8 32. Bxc3 dxc3 33.
Rdc1 Rxc7 34. Rxc3 f6 35. f4 Ra5 36. fxe5 fxe5 37.
Rbc1 Kf7 38. Kf3 Ke6 39. Ke4 Ra4+ 40. Rc4 Rxc5 41. Rxa4 Rxc1 42. Rb4 Rc7 43. Rb6+ Kf7 44. Kxe5 Re7+ 45. Kd5 Rd7+ 46. Ke4 h5 47. d4 Ke7 48.
d5 Kf7 49. Ke5 Re7+ 50. Kd4 Rd7 51. Rb1 Kf6 52. Kc5 Ke5 53. Re1+ Kf5 54. d6 g5 55. Kd5 h4 56. gxh4 gxh4 57. Rf1+ Kg4 58. Ke6 Rd8 59. Ke7 Rb8 60. d7 b5 61. Rf8 Rb7 62. Kd6 Rxd7+ 63. Kxd7 Kh3 64. Rf2 Kg4 65. Kc6 b4 66. Kc5 b3 67. Kc4 b2 68. Rxb2 1-0

[Event "Late-Titled-Tuesday-Blitz-March-26-2024"]
[Site "Chess.com"]
[Date "2024.03.26"]
[Round "7"]
[White "SahibSinghKnight"]
[Black "leandrojimenez"]
[Result "1-0"]
[WhiteElo "2581"]
[BlackElo "2436"]
[TimeControl "180+1"]
[EndTime "15:19:22 PDT"]
[Termination "SahibSinghKnight won by checkmate"]

1. e4 e5 2. Nf3 Nc6 3. Bb5 a6 4. Ba4 f5 5. d4 b5 6. Bb3 fxe4 7. Nxe5 Nxe5 8. Qh5+ Ng6 9. Qd5 Qf6 10. Qxa8 Kd8 11.
Qxe4 Bb4+ 12. c3 Nh6 13. O-O Bd6 14. g3 Re8 15. Qd5 c6 16. Qg5 Nf5 17. Qxf6+ gxf6 18. Bc2 Nfe7 19. Nd2 h5 20. Ne4 Bc7 21. Nxf6 Rh8 22. Nxh5 Rxh5 23. h4 d5 24. Bg5 Ke8 25. Rfe1 Kf7 26.
Bd1 Rh8 27. h5 Bf5 28. hxg6+ Nxg6 29. Be3 Be4 30. f3 Bxg3 31. Bf2 Bh2+ 32. Kf1 Bf5 33. Ke2 Bf4 34. Bb3 Bg5 35. Bg3 Rh3 36. Kf2 Nf4 37.
Bxf4 Bxf4 38. Rh1 Bh2 39. Kg2 Rg3+ 40. Kxh2 Rxf3 41. Raf1 Rh3+ 42. Kg2 Rxh1 43. Kxh1 Ke6 44. Kg2 a5 45. Kg3 a4 46. Rxf5 Kxf5 47. Bc2+ Ke6 48. Kf4 a3 49. bxa3 Kd6 50. a4 bxa4 51. Bxa4 c5 52.
Bb5 cxd4 53. cxd4 Kc7 54. Ke5 Kb6 55. Be2 Ka5 56. Kxd5 Kb4 57. Ke4 Ka3 58. Bc4 Kb4 59. Bb3 Kb5 60. d5 Kc5 61. d6 Kxd6 62. Kd4 Kc6 63. a4 Kb6 64. Kc4 Ka5 65. Kc5 Ka6 66.
Kb4 Kb6 67. a5+ Ka6 68. Bc4+ Ka7 69. Kb5 Kb7 70. a6+ Ka7 71. Bd5 Kb8 72. Kb6 Kc8 73. a7 Kd7 74. a8=Q Kd6 75. Qd8+ Ke5 76. Kc5 Kf4 77.
Qf6+ Kg3 78. Qg5+ Kh2 79. Qg2# 1-0

[Event "Late-Titled-Tuesday-Blitz-March-26-2024"]
[Site "Chess.com"]
[Date "2024.03.26"]
[Round "7"]
[White "jcibarra"]
[Black "dretch"]
[Result "1-0"]
[WhiteElo "3000"]
[BlackElo "2864"]
[TimeControl "180+1"]
[EndTime "15:19:28 PDT"]
[Termination "jcibarra won on time"]

1. e4 e6 2. d4 d5 3. Nc3 Nf6 4. Bg5 dxe4 5. Nxe4 Be7 6. Bxf6 Bxf6 7. Nf3 Nd7 8. Qd2 Be7 9. O-O-O O-O 10. Bd3 b6 11. c3 Bb7 12. Qc2 c5 13. dxc5 Qc7 14. cxb6 Nxb6 15. Kb1 Rab8 16. Nd4 Bxe4 17. Bxe4 Nc4 18. Nb3 h6 19. Bd3 a5 20. Bxc4 Qxc4 21. Nxa5 Qa6 22. Nb3 Ra8 23. Nc1 Rfb8 24. Ka1 Qb7 25.
f3 Ra5 26. Rd2 Bg5 27. Rd4 Qa8 28. f4 e5 29. Rb4 Bxf4 30. Rxb8+ Qxb8 31. Nd3 Bg5 32. Nb4 Qb7 33. Rd1 e4 34. a3 Re5 35. g3 e3 36. Qe2 Qe4 37. Rd4 Qh1+ 38. Ka2 Be7 39. Nd3 Re6 40. Nf4 Re5 41. Nd3 Re6 42. c4 Bf6 43.
Rd5 Qe4 44. Nf4 Rb6 45. Rb5 Rxb5 46. cxb5 Bd4 47. Qd3 Qe5 48. Qb3 Bb6 49. Ne2 g5 50. a4 Ba5 51. Qd3 Qe6+ 52. Kb1 Bb6 53. b3 Kg7 54. Kc2 f6 55. Qc3 Qe4+ 56. Qd3 Qe7 57. Qd5 Qc7+ 58. Kd3 Qe7 59. g4 Qe8 60.
Ng3 Kh7 61. Qe4+ Qxe4+ 62. Nxe4 Kg6 63. Ng3 Kf7 64. b4 Ke6 65. a5 Bc7 66. Kxe3 Kd5 67. Kd3 Bd8 68. Nf5 Ke5 69. b6 1-0

[Event "Late-Titled-Tuesday-Blitz-March-26-2024"]
[Site "Chess.com"]
[Date "2024.03.26"]
[Round "7"]
[White "Mazetovic"]
[Black "GMKrikor"]
[Result "0-1"]
[WhiteElo "2617"]
[BlackElo "2832"]
[TimeControl "180+1"]
[EndTime "15:19:29 PDT"]
[Termination "GMKrikor won by resignation"]

1. e4 c5 2. Nf3 Nc6 3. Bb5 Nf6 4. Nc3 Qc7 5. O-O Nd4 6. d3 a6 7. Bc4 e6 8. Nxd4 cxd4 9. Ne2 Bc5 10. Bb3 h5 11.
Bf4 d6 12. c3 dxc3 13. bxc3 Bd7 14. h3 Bb6 15. Rc1 h4 16. Bh2 e5 17. Kh1 Nh5 18. d4 O-O 19. f4 exd4 20. cxd4 Qd8 21. Qd3 Bb5 22. Bc4 Bxc4 23. Qxc4 d5 24. Qxd5 Qxd5 25.
exd5 Nf6 26. Rb1 Nxd5 27. f5 Rfe8 28. Nf4 Ne3 29. Rf3 Bxd4 30. Rxb7 Nxf5 31. Rb1 Be5 32. Nd5 Nd4 33. Rd3 Bxh2 34. Kxh2 Ne6 35. Ra3 Rad8 36.
Ne3 Rd2 37. Nc4 Rc2 38. Ne3 Re2 39. Nf5 g5 40. Rf1 Nf4 41. Nxh4 R8e4 42. Nf3 Rxg2+ 43. Kh1 Rg3 44. Rxa6 Rxh3+ 45. Kg1 Rg3+ 46. Kh2 Rh3+ 47. Kg1 Re3 48. Nxg5 Reg3+ 49. Kf2 Rxg5 50. Ra8+ Kg7 51. Ra4 Ne6 52. Re4 Ra3 53. Re2 Rg6 54. Rd2 Rf6+ 55.
Ke1 Rxf1+ 56. Kxf1 Kf6 57. Ke1 Ke7 58. Kd1 f5 59. Kc1 Kf6 60. Kb2 Ra8 61. Kb3 Ke5 62. a4 Nc5+ 63. Kb4 Nxa4 64. Ra2 f4 65. Re2+ Kd4 66.
Re7 f3 67. Rd7+ Ke3 68. Rf7 Nb2 69. Re7+ Kf2 70. Kb3 Nd3 71. Kc2 Nf4 72. Rf7 Rc8+ 73. Kd2 Rd8+ 0-1

[Event "Late-Titled-Tuesday-Blitz-March-26-2024"]
[Site "Chess.com"]
[Date "2024.03.26"]
[Round "7"]
[White "Zavgorodniy_Sergiy"]
[Black "MetiForce"]
[Result "1-0"]
[WhiteElo "2665"]
[BlackElo "2879"]
[TimeControl "180+1"]
[EndTime "15:19:43 PDT"]
[Termination "Zavgorodniy_Sergiy won by resignation"]

1. d4 Nf6 2. c4 g6 3. Nc3 d5 4.
cxd5 Nxd5 5. e4 Nxc3 6. bxc3 Bg7 7. Nf3 c5 8. Be3 O-O 9. Qd2 Qa5 10. Rc1 Rd8 11.
d5 Nc6 12. Bd3 c4 13. Bxc4 Bg4 14. O-O Rac8 15. Be2 Bxf3 16. gxf3 Ne5 17. c4 Qa4 18. c5 e6 19. f4 Nd7 20. dxe6 fxe6 21. Bc4 Nxc5 22.
Qe2 Kh8 23. Bxc5 Rxc5 24. Bxe6 Rxc1 25. Rxc1 Qe8 26. f5 Qe7 27. Kh1 Be5 28. Rc8 Rxc8 29. Bxc8 Qc7 30. Be6 Qc1+ 31. Kg2 Qf4 32. Qf3 Qxh2+ 33.
Kf1 Kg7 34. fxg6 hxg6 35. Qf7+ Kh6 36. Qf8+ Bg7 37. Qf3 Qd6 38. Bd5 Qa6+ 39. Kg2 Be5 40. Qh3+ Kg5 41. Qf3 Qd6 42. Qf7 b6 43. Qxa7 Bd4 44.
Qf7 Kh6 45. Qf3 Qe5 46. Qh3+ Kg7 47. Qd7+ Kh6 48. Qg4 Bc5 49. Qg3 Qf6 50. f4 Qb2+ 51. Kh3 Qe2 52. Qg5+ Kg7 53. Qe5+ Kh7 54. Qg5 Qf1+ 55.
Qg2 Qd3+ 56. Qg3 Qf1+ 57. Qg2 Qxf4 58. Qg3 Qf1+ 59. Qg2 Qf6 60. Qg4 Be7 61. Qg3 Qf1+ 62. Qg2 Qe1 63. Kh2 Qxe4 64. Qxe4 Bd6+ 65. Kg2 Kh6 66. Qe6 Bc5 67. Be4 Kg5 68. Qxg6+ Kf4 69. Qf5+ Ke3 70. Qd5 Kf4 71. a3 1-0

[Event "Late-Titled-Tuesday-Blitz-March-26-2024"]
[Site "Chess.com"]
[Date "2024.03.26"]
[Round "7"]
[White "EsmeraldasAnderson03"]
[Black "Siemba"]
[Result "1/2-1/2"]
[WhiteElo "2605"]
[BlackElo "2459"]
[TimeControl "180+1"]
[EndTime "15:19:45 PDT"]
[Termination "Game drawn by stalemate"]

1. d4 Nf6 2. c4 g6 3. Nc3 Bg7 4.
e4 d6 5. Be2 O-O 6. Be3 Nc6 7. d5 Ne5 8. h3 c6 9. f4 Ned7 10. Nf3 cxd5 11. cxd5 b5 12. a3 Re8 13. O-O a6 14. e5 Nh5 15. e6 fxe6 16. dxe6 Nf8 17. Ng5 Ng3 18. Rf2 Nxe2+ 19. Rxe2 h6 20. Nf7 Qc7 21. f5 gxf5 22. Nxh6+ Bxh6 23. Bxh6 Nxe6 24. Qd5 Qc5+ 25. Kh1 Qxd5 26. Nxd5 Ra7 27. Rae1 Kf7 28. Be3 Rb7 29. Bb6 Nf4 30. Nxf4 Rxb6 31. Rxe7+ Rxe7 32. Rxe7+ Kxe7 33. Nd5+ Kd8 34. Nxb6 Bb7 35. a4 Kc7 36. a5 f4 37. Kg1 Be4 38. b4 d5 39.
Kf2 d4 40. h4 d3 41. h5 Bxg2 42. h6 Be4 43. Nd5+ Kd6 44. Nxf4 Ke5 45. Nh3 Kd4 46. Ng5 Bg6 47. Nf3+ Kc3 48. Ke3 Kxb4 49. Ne5 Bh7 50. Nxd3+ Kxa5 51. Nf4 Kb4 52. Nd5+ Kb3 53. Nc7 a5 54.
Nxb5 a4 55. Nd4+ Kb2 56. Nb5 Bg6 57. Kf4 Kb3 58. Kg5 Bh7 59. Nd4+ Kc4 60. Nc2 Kc3 61. Na3 Kb3 62. Nb5 Kb4 63. Nd4 Kc4 64. Ne2 a3 65. Nc1 Kc3 66. Kf6 Kb2 67. Kg7 Kxc1 68. Kxh7 a2 69. Kg8 a1=Q 70. h7 Qa8+ 71. Kg7 Qb7+ 72. Kg8 Qc8+ 73. Kg7 Qd7+ 74. Kg8 Qe8+ 75.
Kg7 Qe5+ 76. Kg8 Qg5+ 77. Kh8 Qh6 78. Kg8 Qg6+ 79. Kh8 Qf7 1/2-1/2

[Event "Late-Titled-Tuesday-Blitz-March-26-2024"]
[Site "Chess.com"]
[Date "2024.03.26"]
[Round "7"]
[White "KaydenTroffChess"]
[Black "sergiochess83"]
[Result "1/2-1/2"]
[WhiteElo "2866"]
[BlackElo "2991"]
[TimeControl "180+1"]
[EndTime "15:19:50 PDT"]
[Termination "Game drawn by repetition"]

1. d4 Nf6 2. Nf3 d5 3. Bf4 c5 4. e3 Nc6 5. Nc3 Bg4 6. dxc5 e5 7. Bg5 d4 8. exd4 Nxd4 9. Be2 Bxc5 10. Nxd4 Qxd4 11.
Qxd4 Bxd4 12. Bxf6 Bxc3+ 13. bxc3 Bxe2 14. Bxg7 Rg8 15. Bxe5 Bc4 16. O-O-O Bxa2 17. Rhe1 Be6 18. g3 Rd8 19. Bf6 Rxd1+ 20. Rxd1 Bd7 21. f4 Rg6 22. Re1+ Kf8 23. Be7+ Kg8 24. Bc5 a5 25. Rd1 Bc6 26. Rd8+ Kg7 27. Bd4+ Kh6 28. f5 Rg4 29. Be3+ Kg7 30.
Rd6 Re4 31. Bh6+ Kg8 32. Kb2 Re8 33. f6 Re6 34. Rd8+ Re8 35. Rd4 Be4 36. h4 Bg6 37.
Rg4 Re5 38. Rd4 Re8 39. g4 Be4 40. h5 Bc6 41. Bf4 Re4 42. Rd8+ Re8 43. Rd3 Re4 44. Bc7 a4 45. h6 Re8 46. g5 Kf8 47. Bd6+ Kg8 48.
Be7 Ra8 49. Ka3 Re8 50. Rd4 Rc8 51. c4 Re8 52. c3 Rc8 53. Rd6 Ra8 54. Rd4 Re8 55.
Bd6 Ra8 56. Bf4 Kf8 57. Bd6+ Kg8 58. Bc5 Re8 59. Bb6 Re4 60. Rd8+ Re8 61. Rd6 Re6 62. Rd3 Re8 63. Kb4 Ra8 64. Rd2 a3 65. Ra2 Be4 66. Rxa3 Rxa3 67. Kxa3 Bc6 68. Kb4 Bf3 69. Kc5 Bc6 70.
Kd6 Bf3 71. Ke7 Be2 72. g6 hxg6 73. h7+ Kxh7 74. Kxf7 Bxc4+ 75. Ke7 Kg8 76. Be3 Bf7 77.
Bg5 Bc4 78. Kd6 Bf7 79. Kc7 Bd5 80. Kd6 Bc4 81. Ke7 b5 82. Ke8 Bb3 83. Ke7 Bc4 84. Ke8 Bb3 85. Ke7 Bc4 1/2-1/2

[Event "Late-Titled-Tuesday-Blitz-March-26-2024"]
[Site "Chess.com"]
[Date "2024.03.26"]
[Round "7"]
[White "mightysmasher"]
[Black "Veleamater"]
[Result "1-0"]
[WhiteElo "2595"]
[BlackElo "2401"]
[TimeControl "180+1"]
[EndTime "15:19:50 PDT"]
[Termination "mightysmasher won by resignation"]

1. e4 d6 2. d4 g6 3. Nf3 Bg7 4. c4 Nf6 5. Nc3 O-O 6. Bd3 Nc6 7. O-O e5 8. d5 Ne7 9. Re1 h6 10. Bd2 Ne8 11. Qc1 Kh7 12. h3 f5 13. Nh2 f4 14.
f3 h5 15. b4 Rf7 16. c5 Bf8 17. a4 Rg7 18. Rf1 g5 19. Qe1 Ng6 20. Kh1 Nh8 21. Be2 Nf7 22. Rc1 Nh6 23. cxd6 cxd6 24.
Nb5 a6 25. Na3 Nf6 26. g4 fxg3 27. Qxg3 h4 28. Qg2 Nh5 29. Kg1 Nf4 30. Bxf4 gxf4 31.
Ng4 Qb6+ 32. Kh1 Be7 33. b5 Bxg4 34. hxg4 Nf7 35. Nc4 Qd8 36. b6 Ng5 37. a5 Kg6 38.
Nd2 Rc8 39. Nb3 Rb8 40. Rc7 Qe8 41. Rfc1 Bd8 42. Rxg7+ Kxg7 43. Bd1 Qd7 44. Qf2 Nf7 45. Qc2 Qb5 46. Be2 Qb4 47. Qc3 Qxc3 48. Rxc3 Kf8 49.
Nd2 Ke7 50. Nb1 Kd7 51. Bd1 Ke7 52. Nd2 Ng5 53. Kh2 Kd7 54. Kg2 Ke7 55. Kf2 Kd7 56. Nc4 Ke7 57. Nb2 Kd7 58. Nd3 Ke7 59. Nb4 Kd7 60. Ba4+ Ke7 61. Nc6+ bxc6 62. dxc6 Ne6 63.
c7 Bxc7 64. b7 Nc5 65. Bc2 Rxb7 66. Kg2 Bxa5 67. Rc4 Rb4 68. Rxb4 Bxb4 69. Kh3 a5 70.
Kxh4 a4 71. Kh5 a3 72. Bb1 Nd3 73. g5 Kf7 74. Kh6 d5 75. g6+ Kf6 76. g7 Kf7 77.
Kh7 dxe4 78. g8=Q+ Kf6 79. Qg6+ Ke7 80. Qxe4 1-0

[Event "Late-Titled-Tuesday-Blitz-March-26-2024"]
[Site "Chess.com"]
[Date "2024.03.26"]
[Round "7"]
[White "The_Machine04"]
[Black "Slovak_fighter2000"]
[Result "0-1"]
[WhiteElo "2773"]
[BlackElo "2615"]
[TimeControl "180+1"]
[EndTime "15:19:52 PDT"]
[Termination "Slovak_fighter2000 won by checkmate"]

1. d4 Nf6 2. Nf3 g6 3. Nbd2 d5 4. e3 Bg7 5. b4 O-O 6. c4 a5 7. b5 Bg4 8. Be2 Bxf3 9. Bxf3 c6 10. a4 e6 11. O-O Nbd7 12. Ba3 Re8 13. cxd5 cxd5 14. Rc1 Bf8 15. Qb3 Bxa3 16. Qxa3 Qe7 17. Qxe7 Rxe7 18. Rc7 Ra7 19. Rfc1 Ne8 20. Rc8 Nb6 21.
Rb8 Kg7 22. Bd1 Nd6 23. Bb3 Ra8 24. Rxa8 Nxa8 25. f3 Rc7 26. Rxc7 Nxc7 27. Kf2 f5 28.
Ke2 b6 29. Kd3 Kf6 30. e4 fxe4+ 31. fxe4 dxe4+ 32. Nxe4+ Nxe4 33. Kxe4 Ne8 34. h4 Nd6+ 35. Kf4 h6 36. Bc2 g5+ 37. hxg5+ hxg5+ 38. Kf3 e5 39. d5 Nc8 40. Bb1 Nd6 41. Bd3 Nc8 42. Kg4 Nd6 43. Bb1 e4 44. Bc2 Kg6 45. Bb1 Kf6 46. Bc2 Kg6 47. g3 Kf6 48. Kh5 Kf5 49. Bb1 Kf6 50.
Bc2 Kf5 51. Bd1 e3 52. Bg4+ Kf6 53. Be2 Ne4 54. Kg4 Nc3 55. Kf3 Nxd5 56. Bc4 Nc3 57. Bb3 e2 58. Kf2 Ke5 59. Bc4 Kd4 60. Bxe2 Nxe2 61.
Kxe2 Kc3 62. Kf3 Kb4 63. Kg4 Kxa4 64. Kxg5 Kxb5 65. Kf4 a4 66. g4 a3 67. g5 a2 68. g6 a1=Q 69. Kf5 Qg7 70. Ke6 Kc4 71. Kd6 b5 72. Kc6 b4 73. Kd6 Qxg6+ 74. Kc7 Kc5 75.
Kc8 Kc6 76. Kb8 Qf7 77. Ka8 Qb7# 0-1

[Event "Late-Titled-Tuesday-Blitz-March-26-2024"]
[Site "Chess.com"]
[Date "2024.03.26"]
[Round "7"]
[White "DACF2905"]
[Black "zverr1"]
[Result "1/2-1/2"]
[WhiteElo "2421"]
[BlackElo "2553"]
[TimeControl "180+1"]
[EndTime "15:19:53 PDT"]
[Termination "Game drawn - insufficient material"]

1. e4 c5 2. Nc3 Nc6 3. g3 g6 4. Bg2 Bg7 5. Nge2 e6 6. O-O Nge7 7.
d3 O-O 8. Be3 d6 9. d4 c4 10. f4 d5 11. Qd2 dxe4 12. Nxe4 Nf5 13. c3 Qc7 14. Bf2 b6 15. Kh1 Bb7 16. Ng1 Nce7 17. Rae1 Nd6 18. Nxd6 Bxg2+ 19. Kxg2 Qxd6 20. Nf3 Nd5 21. Bg1 Rad8 22. Ng5 Qc6 23. Rf3 Rfe8 24. Qe2 b5 25. a3 Nf6 26. Ne4 Nxe4 27. Qxe4 Qxe4 28.
Rxe4 Rd5 29. g4 h5 30. h3 hxg4 31. hxg4 Bf8 32. f5 Bd6 33. fxe6 Rxe6 34. Rxe6 fxe6 35. Rf6 Rg5 36. Rxe6 Rxg4+ 37. Kf1 Bf8 38. d5 Rf4+ 39. Ke2 Rf5 40. Rxg6+ Kf7 41. Ra6 Re5+ 42. Kf3 Rxd5 43.
Rxa7+ Ke6 44. Bd4 Rh5 45. a4 bxa4 46. Rxa4 Rh2 47. Rxc4 Rxb2 48. Ke4 Re2+ 49. Kd3 Rh2 50. Rc6+ Kd7 51. Rg6 Bd6 52. Kc4 Rh4 53. Rg5 Kc6 54.
Ra5 Bc7 55. Ra6+ Kd7 56. Kb5 Rh5+ 57. Bc5 Be5 58. Ra7+ Kd8 59. Bb6+ Kc8 60. c4 Bb8+ 61. c5 Bxa7 62. Bxa7 Kb7 63. Bb6 Rg5 64. Bd8 Rf5 65. Be7 Re5 66. Bd6 Re4 67. Bf8 Kc7 68. Bd6+ Kd7 69. Bb8 Re1 70. Bd6 Re2 71. Bf8 Rb2+ 72. Kc4 Kc6 73. Bd6 Rc2+ 74. Kb4 Kd5 75. Kb5 Rb2+ 76. Ka4 Rb1 77. Bf8 Kc4 78. Ka5 Rb5+ 79. Ka6 Rb1 80. c6 Kd5 81. c7 Ra1+ 82. Kb7 Rb1+ 83.
Kc8 Ke6 84. Bc5 Rf1 85. Kb7 Rf7 86. Kb8 Rxc7 87. Kxc7 1/2-1/2

[Event "Late-Titled-Tuesday-Blitz-March-26-2024"]
[Site "Chess.com"]
[Date "2024.03.26"]
[Round "7"]
[White "Adar_07"]
[Black "karinachess1"]
[Result "1-0"]
[WhiteElo "2780"]
[BlackElo "2578"]
[TimeControl "180+1"]
[EndTime "15:19:56 PDT"]
[Termination "Adar_07 won on time"]

1. e4 e5 2. Nf3 Nc6 3. Bb5 Nf6 4. O-O Nxe4 5. Re1 Nd6 6. Nxe5 Nxe5 7. Rxe5+ Be7 8.
Bf1 O-O 9. d4 Bf6 10. Bd3 Ne8 11. Nc3 d6 12. Re1 g6 13. Nd5 c6 14. Nxf6+ Qxf6 15. Bh6 Ng7 16. c3 Bd7 17. Qd2 Qd8 18. Qf4 Be6 19.
Bg5 f6 20. Bh6 Qd7 21. Re2 Rae8 22. Rae1 g5 23. Qg3 Bf5 24. Bxg7 Rxe2 25. Bxe2 Kxg7 26. h4 h6 27. f4 g4 28. h5 Re8 29. Bd1 Rxe1+ 30. Qxe1 Qe6 31. Qxe6 Bxe6 32. b3 f5 33. Kf2 Kf6 34. Kg3 c5 35. Kh4 b6 36. Be2 Bd5 37. g3 Be4 38. Bc4 Bb1 39. b4 Be4 40. a3 a5 41. Bb3 cxb4 42. axb4 Bc6 43. Ba2 a4 44. c4 a3 45. b5 Be4 46. Bb3 Bd3 47. Ba2 Bc2 48.
d5 Bd1 49. c5 dxc5 50. d6 Be2 51. Bd5 Bxb5 52. d7 Bxd7 53. Ba2 b5 54. Bc4 b4 55.
Bb3 Bb5 56. Bc4 Bc6 57. Bd5 Be8 58. Bf7 Bc6 59. Bd5 b3 60. Bxb3 Be4 61. Bd5 Bc2 62.
Bb3 Bd3 63. Bc4 Be4 64. Ba2 Ke7 65. Bd5 Kd6 66. Bc4 Kc6 67. Bf7 Kb6 68. Bb3 Ka5 69. Bc4 Kb4 70. Ba2 Kc3 71. Be6 Kb2 72. Ba2 Bc6 73.
Bc4 Be8 74. Bf7 Ba4 75. Ba2 Bb5 76. Bc4 Bd7 77. Bf7 1-0

[Event "Late-Titled-Tuesday-Blitz-March-26-2024"]
[Site "Chess.com"]
[Date "2024.03.26"]
[Round "7"]
[White "Hirna2005"]
[Black "b_6"]
[Result "1-0"]
[WhiteElo "2323"]
[BlackElo "2475"]
[TimeControl "180+1"]
[EndTime "15:20:09 PDT"]
[Termination "Hirna2005 won on time"]

1. e4 c5 2. c3 Nf6 3. e5 Nd5 4. Nf3 e6 5. d4 cxd4 6. cxd4 d6 7. Nc3 Nxc3 8. bxc3 Qc7 9. Bd2 Nd7 10. exd6 Bxd6 11. Bd3 b6 12. h3 Bb7 13. O-O O-O 14. Qe2 Bf4 15. a4 Bxd2 16. Qxd2 Bxf3 17. gxf3 Nf6 18. a5 Nd5 19. axb6 axb6 20. Rxa8 Rxa8 21. Be4 Rc8 22. Bxd5 exd5 23. Rc1 h6 24. Qe3 Qc6 25. Qe5 b5 26. Kh2 Qc7 27. Qxc7 Rxc7 28. Rb1 Rxc3 29. Rxb5 Rxf3 30.
Kg2 Rf5 31. Kg3 g6 32. f4 Kg7 33. h4 Rh5 34. Kg4 Rf5 35. Rb7 Kf6 36. Rb6+ Ke7 37. Ra6 Kd7 38. Rb6 Kc7 39. Ra6 Kd7 40. Rb6 Ke7 41.
Ra6 Rf6 42. Ra7+ Ke8 43. Ra8+ Kd7 44. Ra7+ Kc8 45. Kg3 Rf5 46. Kg4 Kb8 47. Rd7 Kc8 48. Ra7 Rf6 49. Kg3 h5 50. Kf3 Kd8 51. Rb7 Ke8 52.
Rb8+ Ke7 53. Rb7+ Kf8 54. Rd7 Rf5 55. Ke3 Kg7 56. Kf3 Kh6 57. Kg3 Kg7 58. Kf3 Kf6 59. Kg3 Ke6 60. Ra7 Kd6 61. Ra6+ Kc7 62. Kf3 Kb7 63.
Rd6 Kc7 64. Ra6 Kd7 65. Kg3 Ke7 66. Kf3 Rf6 67. Ra7+ Ke8 68. Ra5 Rd6 69. f5 gxf5 70. Kf4 Kf8 71. Kxf5 Kg7 72. Ke5 Rg6 73. Rxd5 Rg4 74.
Kd6 Rxh4 75. Kc6 Rh1 76. Rg5+ Kf6 77. Rg8 Rc1+ 78. Kd6 h4 79. d5 h3 80. Rh8 Rc3 81.
Kd7 Kg7 82. Rh4 Kf6 83. d6 Kg5 84. Rh8 f5 85. Ke7 Re3+ 86. Kf7 Rd3 87. Ke7 Kg4 88. d7 f4 89. Rg8+ Kf3 90. Rh8 Kg2 91. Rg8+ Kh1 92. Rf8 1-0

[Event "Late-Titled-Tuesday-Blitz-March-26-2024"]
[Site "Chess.com"]
[Date "2024.03.26"]
[Round "7"]
[White "Arigu07"]
[Black "GoltsevDmitry2000"]
[Result "1/2-1/2"]
[WhiteElo "2572"]
[BlackElo "2791"]
[TimeControl "180+1"]
[EndTime "15:20:19 PDT"]
[Termination "Game drawn by stalemate"]

1. b3 Nf6 2. Bb2 g6 3. d4 Bg7 4. Nd2 b6 5. e4 d6 6. Bd3 O-O 7. Qe2 Bb7 8. Ngf3 Nbd7 9. O-O-O a5 10. a4 c5 11. d5 Nh5 12. g3 e6 13. dxe6 fxe6 14. h4 Qe7 15. Bb5 Ndf6 16. Rhe1 Ng4 17. Nc4 Bxb2+ 18. Kxb2 Qf6+ 19. e5 Qxf3 20. Qxf3 Bxf3 21.
Rxd6 Ng7 22. Nxb6 Rad8 23. Nd7 Rfe8 24. Nxc5 Rxd6 25. exd6 Rd8 26. Nxe6 Nxe6 27. Rxe6 Bd5 28. Bc4 Bxc4 29. bxc4 Kf7 30. Re7+ Kf6 31. c5 Nxf2 32. Rc7 Ne4 33. d7 Nxg3 34. c6 Nf5 35. Rc8 Ke7 36.
c7 Rxd7 37. Re8+ Kxe8 38. c8=Q+ Ke7 39. Qc5+ Nd6 40. Qe5+ Kf7 41. Ka2 Nb7 42. Qf4+ Ke6 43. Qe4+ Kd6 44. c4 Kc5 45. Kb3 Kb6 46. Qe6+ Kc7 47. Qe5+ Kc6 48. Qb5+ Kc7 49. c5 Rd3+ 50. Kc4 Rd1 51. Qb6+ Kc8 52. c6 Nd8 53. Qa6+ Kb8 54.
Qb6+ Kc8 55. Qa6+ Kb8 56. Qb5+ Kc8 57. Qxa5 Rc1+ 58. Kd5 Nxc6 59. Qa8+ Kc7 60. Qh8 Rd1+ 61. Kc5 Rc1+ 62. Kb5 Rb1+ 63. Kc4 h5 64. Qh7+ Kb8 65. Qg8+ Kb7 66. Qg7+ Kb8 67. Kc5 Nd8 68. Qxg6 Rc1+ 69. Kb4 Nc6+ 70. Ka3 Kb7 71. Qxh5 Rc3+ 72. Kb2 Re3 73. Qb5+ Kc7 74. h5 Re5 75. Qc4 Kb6 76.
h6 Rh5 77. Qb3+ Kc7 78. Qg3+ Kb6 79. Qg7 Rh2+ 80. Kc3 Na5 81. Qd4+ Ka6 82. Qd6+ Kb7 83. Qxh2 Nc6 84. Qg2 Kb6 85. Qxc6+ Ka5 86. h7 1/2-1/2

[Event "Late-Titled-Tuesday-Blitz-March-26-2024"]
[Site "Chess.com"]
[Date "2024.03.26"]
[Round "7"]
[White "SuanFernandes"]
[Black "financieru"]
[Result "0-1"]
[WhiteElo "2291"]
[BlackElo "2415"]
[TimeControl "180+1"]
[EndTime "15:20:23 PDT"]
[Termination "financieru won by checkmate"]

1. d4 Nf6 2. c4 g6 3. Nc3 Bg7 4. e3 d6 5. Nf3 O-O 6. Bd3 Nbd7 7. b3 e5 8. O-O Re8 9. Qc2 Qe7 10. Be2 c6 11.
Bb2 Nf8 12. Rad1 Bf5 13. Qc1 Rad8 14. Rfe1 Ne4 15. Nxe4 Bxe4 16. dxe5 dxe5 17. Rxd8 Rxd8 18. Rd1 Rxd1+ 19. Qxd1 Qd7 20. Qxd7 Nxd7 21. Nd2 Bf5 22. Kf1 h5 23. e4 Be6 24. Ke1 f6 25. f3 Kf7 26. Nb1 Bh6 27. Nc3 Be3 28. Bf1 h4 29.
Ke2 Bc5 30. Kd3 Bd4 31. Nd1 Bg1 32. h3 Nc5+ 33. Kc2 Bh2 34. Bd3 f5 35. Ne3 Nxd3 36. Kxd3 fxe4+ 37. Kxe4 Kf6 38. Ng4+ Bxg4 39. hxg4 Bf4 40.
Bc3 g5 41. Bb4 Ke6 42. Bc5 a6 43. Bb6 Bc1 44. a4 Bf4 45. Bc7 Bg3 46. Bd8 Bf4 47.
Bc7 Bg3 48. Bb6 Bf4 49. b4 Kd6 50. Bc5+ Ke6 51. b5 Bg3 52. Be3 Bf4 53. Bxf4 gxf4 54. b6 a5 55. c5 Kf6 56. Kd3 Ke6 57. Ke2 Kd5 58. Kf2 Kxc5 59. g5 Kd6 60. Ke2 Ke6 61. Kd3 Kf5 62. Kc4 Kxg5 63. Kc5 Kf5 64. Kd6 e4 65.
fxe4+ Kxe4 66. Kc7 f3 67. gxf3+ Kxf3 68. Kxb7 h3 69.
Ka7 h2 70. b7 h1=Q 71. b8=Q Ke3 72. Qb6+ Kd3 73. Qxa5 Qd5 74. Kb6 Qxa5+ 75. Kxa5 c5 76. Kb5 c4 77. a5 c3 78. a6 c2 79. a7 c1=Q 80. a8=Q Qc4+ 81. Kb6 Qb4+ 82. Kc7 Qc5+ 83. Kd8 Qf8+ 84. Kd7 Qxa8 85. Ke6 Ke4 86. Kf6 Qd5 87. Kg7 Qf5 88. Kh6 Qg4 89. Kh7 Kf5 90. Kh8 Kf6 91. Kh7 Qg7# 0-1

[Event "Late-Titled-Tuesday-Blitz-March-26-2024"]
[Site "Chess.com"]
[Date "2024.03.26"]
[Round "8"]
[White "temus_galaktionov"]
[Black "TemploVillamarin"]
[Result "1-0"]
[WhiteElo "2831"]
[BlackElo "2271"]
[TimeControl "180+1"]
[EndTime "15:22:11 PDT"]
[Termination "temus_galaktionov won by resignation"]

1. d4 f5 2. Nf3 e6 3. g3 Nf6 4.
c4 b6 5. Bg2 Bb7 6. O-O Be7 7.
Nc3 O-O 8. d5 Qe8 9. Bf4 Na6 10.
Nd4 exd5 11. cxd5 g6 12. d6 Bxd6 13. Bxb7 Bxf4 14. gxf4 Nc5 15. Bxa8 Qxa8 16. e3 1-0

[Event "Late-Titled-Tuesday-Blitz-March-26-2024"]
[Site "Chess.com"]
[Date "2024.03.26"]
[Round "8"]
[White "VD_coach"]
[Black "egnfanclub"]
[Result "1-0"]
[WhiteElo "2507"]
[BlackElo "2372"]
[TimeControl "180+1"]
[EndTime "15:22:44 PDT"]
[Termination "VD_coach won by resignation"]

1. Nf3 Nf6 2. d4 d5 3. c4 c6 4.
cxd5 cxd5 5. Nc3 Nc6 6. Bf4 Bf5 7. e3 e6 8. Bb5 Nd7 9. O-O Be7 10. Rc1 O-O 11. a3 g5 12. Bg3 g4 13. Ne5 Ncxe5 14. dxe5 Kh8 15. e4 dxe4 16. Qxd7 1-0

[Event "Late-Titled-Tuesday-Blitz-March-26-2024"]
[Site "Chess.com"]
[Date "2024.03.26"]
[Round "8"]
[White "Levanzovsky"]
[Black "Vahe_Danielyan"]
[Result "0-1"]
[WhiteElo "2420"]
[BlackElo "2591"]
[TimeControl "180+1"]
[EndTime "15:22:50 PDT"]
[Termination "Vahe_Danielyan won by resignation"]

1. e4 c6 2. Nf3 d5 3. Nc3 dxe4 4. Nxe4 Nf6 5. Qe2 Nxe4 6. Qxe4 Nd7 7. Bc4 Nf6 8. Ne5 e6 9. Qe2 b5 10. Bd3 Qd5 11. Nxc6 Qxg2 12. Rf1 Bd6 13. Bxb5 O-O 14. d3 Bd7 15. Bd2 Bxc6 0-1

[Event "Late-Titled-Tuesday-Blitz-March-26-2024"]
[Site "Chess.com"]
[Date "2024.03.26"]
[Round "8"]
[White "LeoWin2012"]
[Black "Chesstiger64"]
[Result "0-1"]
[WhiteElo "2288"]
[BlackElo "2408"]
[TimeControl "180+1"]
[EndTime "15:23:55 PDT"]
[Termination "Chesstiger64 won by resignation"]

1. d3 d5 2. e4 dxe4 3. Nc3 exd3 4. Bxd3 c5 5. Be3 e6 6. Nf3 Nc6 7. Qe2 Nf6 8. Bg5 Be7 9. h4 Nd4 10. Nxd4 cxd4 11. Ne4 Nxe4 12. Bxe7 Qxe7 13. Qxe4 Qb4+ 14. Ke2 Bd7 15. Rab1 Bb5 16. c3 Bxd3+ 17. Qxd3 dxc3 18. bxc3 Qg4+ 19. f3 Qxg2+ 20. Ke3 O-O 21. Rhg1 Qxa2 22.
Rg3 Rad8 23. Qb5 Qd2+ 24. Ke4 f5+ 25. Ke5 Rd5+ 26. Kxe6 Rxb5 27. Rxb5 Qe1+ 28. Re5 Qxg3 29. Rxf5 Qh3 0-1